 Dungeon Crawl Stone Soup version 0.22.1-1-ga44c0e5 (webtiles) character file.

84 Fang the Skirmisher (level 4, 0/43 HPs)
             Began as a Gargoyle Berserker on Oct 24, 2018.
             Was a Believer of Trog.
             Slain by a hobgoblin
             ... wielding a +0 club
             ... led by Robin
              (2 damage)
             ... on level 3 of the Dungeon.
             The game lasted 00:02:05 (1662 turns).

Fang the Skirmisher (Gargoyle Berserker)            Turns: 1662, Time: 00:02:06

Health: 0/43       AC:  5    Str: 27    XL:     4   Next: 46%
Magic:  4/4        EV: 12    Int:  7    God:    Trog [**....]
Gold:   105        SH:  0    Dex:  9    Spells: 3/3 levels left

rFire    . . .     SeeInvis +   a - +0 hand axe
rCold    . . .     Gourm    .   (no shield)
rNeg     + . .     Faith    .   b - +0 animal skin
rPois    ∞         Spirit   .   (no helmet)
rElec    +         Reflect  .   (no cloak)
rCorr    .         Harm     .   (no gloves)
MR       .....                  (no boots)
Stlth    ..........             f - amulet of inaccuracy (curse)
HPRegen  0.14/turn              h - ring of see invisible
MPRegen  0.09/turn              (no ring)

@: berserking (expiring), very quick
A: negative energy resistance 1, electricity resistance, unbreathing,
petrification resistance, rot immunity, AC +3
a: Berserk, Trog's Hand, Renounce Religion


You were on level 3 of the Dungeon.
You worshipped Trog.
Trog was pleased with you.
You were near starving.

You visited 1 branch of the dungeon, and saw 3 of its levels.

You collected 105 gold pieces.

Inventory:

Hand Weapons
 a - a +0 hand axe (weapon)
Armour
 b - a +0 animal skin (worn)
Jewellery
 f - a cursed amulet of inaccuracy (around neck)
 h - a ring of see invisible (left hand)
Scrolls
 e - 3 scrolls of noise {unknown}
 i - a scroll of enchant armour {unknown}
 j - a scroll of random uselessness {unknown}
 k - 3 scrolls of identify {unknown}
Potions
 d - a potion of heal wounds {unknown}
 g - a potion of agility {unknown}
Comestibles
 c - a ration


   Skills:
 + Level 4.0 Fighting
 + Level 3.6 Axes
 + Level 2.4 Armour
 + Level 2.1 Dodging
 + Level 0.8 Stealth


You had 3 spell levels left.
You didn't know any spells.
Your spell library was empty.

Dungeon Overview and Level Annotations

Branches:
Dungeon (2/15)

Altars:
Hepliaklqana


Innate Abilities, Weirdness & Mutations

You are resistant to torment.
Your stone body is resilient. (AC +3)
You are immune to poison.
You resist negative energy. (rN+)
You are resistant to electric shocks. (rElec)
You can survive without breathing.
You are immune to petrification.
You are immune to rotting.


Message History

Robin hits you but does no damage.
Unknown command.
You barely miss Robin.
Robin is moderately wounded.
Unknown command.
You slash Robin!
You kill Robin!
Trog accepts your kill.
You can now call upon Trog for regeneration and magic resistance.
Unknown command.
You miss the hobgoblin. The hobgoblin hits you with a club.
* * * LOW HITPOINT WARNING * * *
Unknown command.
You barely miss the hobgoblin.
Unknown command.
You barely miss the hobgoblin. The hobgoblin hits you with a club!
* * * LOW HITPOINT WARNING * * *
Unknown command.
You miss the hobgoblin. The hobgoblin hits you with a club.
You die...

#. ###. ... .. .#####. #
......<############ #.
#.#............
.###.g#####(#...#...#...
.....gg@.(..............
#####.#######...#...#...
# #............
#############


You could see 3 hobgoblins.

Vanquished Creatures
  Robin (D:3)
  3 adders
  An ooze (D:2)
  3 dart slugs
  2 ball pythons (D:2)
  6 bats
  A giant cockroach (D:2)
  2 goblins
  7 hobgoblins
  2 jackals (D:1)
  2 frilled lizards (D:1)
  6 kobolds
  3 rats (D:1)
39 creatures vanquished.

Notes
Turn   | Place    | Note
-------+----------+-------------------------------------------
     0 | D:1      | Fang the Gargoyle Berserker began the quest for the Orb.
     0 | D:1      | Reached XP level 1. HP: 14/14 MP: 1/1
    57 | D:1      | Reached XP level 2. HP: 15/19 MP: 2/2
   374 | D:1      | Reached XP level 3. HP: 24/24 MP: 3/3
   784 | D:2      | Noticed an ogre
  1196 | D:2      | You fall through a shaft!
  1196 | D:3      | Found a hazy altar of Hepliaklqana.
  1227 | D:3      | Reached skill level 4 in Fighting
  1227 | D:3      | Reached XP level 4. HP: 4/29 MP: 4/4
  1640 | D:3      | Noticed Robin
  1658 | D:3      | Killed Robin
  1658 | D:3      | Reached ** piety under Trog
  1661 | D:3      | HP: 2/43 [hobgoblin/club[Robin] (7)]
  1662 | D:3      | Slain by a hobgoblin

Skill      XL: |  1  2  3 |
---------------+----------+-----
Axes           | 3 |  3.6
Fighting       | 4 |  4.0
Dodging        | 2 |  2.1
Armour         | |  2.4
Stealth        | |  0.8

Action                   |  1- 3 |  4- 6 || total
-------------------------+-------+-------++-------
Melee: Hand axe          |   133 |    31 ||   164
Invok: Berserk           |     1 |     2 ||     3
 Stab: Sleeping          |     2 |       ||     2
  Eat: Chunk             |     1 |     3 ||     4
Armor: Animal skin       |    54 |     7 ||    61
Dodge: Dodged            |   111 |    14 ||   125
